 Dungeon Crawl Stone Soup version 0.29.1-12-g30fa7ad0bf (webtiles) character file.

Game seed: 6521750392610386285

399 dargoktor the Shooter (level 6, -4/50 (51) HPs)
             Began as a Minotaur Hunter on Jan 2, 2023.
             Was a Follower of Makhleb.
             Slain by Crazy Yiuf
             ... wielding a +4 quarterstaff of chaos
              (9 damage)
             ... while petrified by Crazy Yiuf
             ... on level 3 of the Dungeon.
             The game lasted 00:32:31 (4079 turns).

dargoktor the Shooter (Minotaur Hunter)             Turns: 4079, Time: 00:32:31

HP:   -4/50 (51)    AC:  4    Str: 15    XL:     6   Next: 54%
MP:   5/5           EV:  2    Int: 11    God:    Makhleb [*.....]
Gold: 172           SH:  0    Dex: 16    Spells: 5/5 levels left

rFire   . . .      SeeInvis +   a - +0 shortbow
rCold   . . .      Faith    .   (shield currently unavailable)
rNeg    + + +      Spirit   .   r - +0 leather armour
rPois   ∞          Reflect  .   (helmet restricted)
rElec   .          Harm     .   (no cloak)
rCorr   .          Rampage  .   l - +0 pair of gloves
Will    .....                   (no boots)
Stlth   ++........              (no amulet)
HPRegen 0.16/turn               p - ring of see invisible
MPRegen 0.09/turn               m - ring "Viro" {rPois Int+5}

@: mighty, petrified, lightly drained
A: horns 2, retaliatory headbutt
a: Renounce Religion


You were on level 3 of the Dungeon.
You worshipped Makhleb.
Makhleb was aware of your devotion.
You visited 1 branch of the dungeon, and saw 3 of its levels.

You collected 172 gold pieces.

Inventory:

Hand Weapons
 a - a +0 shortbow (weapon)
 t - a +2 spectral club
Missiles
 n - 2 poisoned darts
Armour
 l - a +0 pair of gloves (worn)
 r - a +0 leather armour (worn)
Jewellery
 m - the ring "Viro" (right hand) {rPois Int+5}
   (You found it on level 2 of the Dungeon)

   [ring of poison resistance]

   Int:       It affects your intelligence (+5).
   rPois:     It protects you from poison.
 p - a ring of see invisible (left hand)
Wands
 w - a wand of paralysis (6)
Scrolls
 b - 2 scrolls of immolation
 e - a scroll of fear {unknown}
 g - a scroll of magic mapping {unknown}
 j - 2 scrolls of poison {unknown}
 k - 3 scrolls of identify {unknown}
 u - a scroll of blinking {unknown}
 v - a scroll of torment {unknown}
Potions
 d - a potion of degeneration {unknown}
 f - a potion of might {unknown}
 h - 2 potions of flight {unknown}
 i - 3 potions of brilliance {unknown}
 o - a potion of lignification {unknown}
 q - 4 potions of curing {unknown}
 s - a potion of attraction {unknown}


   Skills:
 + Level 3.1 Fighting
 * Level 7.7 Ranged Weapons
 + Level 2.6 Armour
 + Level 2.9 Dodging
 + Level 0.9 Stealth


You had 5 spell levels left.
You didn't know any spells.
Your spell library contained the following spells:

 Spells                   Type           Power      Damage    Failure   Level
 Beastly Appendage        Tmut           0%         N/A       41%         1
 Wereblood                Tmut           0%         N/A       54%         2
 Inner Flame              Hex/Fire       0%         N/A       78%         3
 Spider Form              Tmut/Pois      0%         N/A       78%         3
 Cause Fear               Hex            0%         N/A       99%         4
 Discord                  Hex            0%         N/A       100%        8


Dungeon Overview and Level Annotations

Branches:
Dungeon (3/15)

Altars:
Makhleb

Annotations:
D:3 Crazy Yiuf


Innate Abilities, Weirdness & Mutations

You have a pair of horns on your head.
You reflexively headbutt those who attack you in melee.


Message History

You can't see that place.
Okay, then.
Found a hammer.
Found a runed translucent door.
Crazy Yiuf cries, "Goldfish meccalolo fast!"
You open the door. Crazy Yiuf attacks as you move away!
Crazy Yiuf hits you with a +4 quarterstaff of chaos.
Crazy Yiuf freezes you. Crazy Yiuf attacks as you move away!
Crazy Yiuf hits you with a +4 quarterstaff of chaos.
Crazy Yiuf burns you.
Fire: a) +0 shortbow
Press: ? - help, Q - select action, (/) - cycle Shift-Dir - straight line, f - Crazy Yiuf
Aim: Crazy Yiuf, wielding a +4 quarterstaff of chaos and wearing a +0 cloak (68% to hit)
You shoot an arrow. The arrow hits Crazy Yiuf!
Crazy Yiuf is heavily wounded.
Crazy Yiuf says, "Seed shrimp foot!"
Crazy Yiuf hits you with a +4 quarterstaff of chaos!
You are slowing down.
Fire: a) +0 shortbow
Press: ? - help, Q - select action, (/) - cycle Shift-Dir - straight line, f/p - Crazy Yiuf
Aim: Crazy Yiuf, wielding a +4 quarterstaff of chaos and wearing a +0 cloak (heavily wounded, 68% to hit)
You shoot an arrow. The arrow hits Crazy Yiuf.
Crazy Yiuf is severely wounded.
Crazy Yiuf barely misses you.
Crazy Yiuf hits you with a +4 quarterstaff of chaos.
You feel drained.
You have turned to stone.
Crazy Yiuf completely misses you.
Crazy Yiuf hits you with a +4 quarterstaff of chaos!
You feel very mighty all of a sudden. Crazy Yiuf completely misses you.
Crazy Yiuf hits you with a +4 quarterstaff of chaos!
Crazy Yiuf freezes you.
Crazy Yiuf hits you with a +4 quarterstaff of chaos.
Crazy Yiuf hits you with a +4 quarterstaff of chaos!
* * * LOW HITPOINT WARNING * * *
Crazy Yiuf hits you with a +4 quarterstaff of chaos!
* * * LOW HITPOINT WARNING * * *
You are electrocuted!!
You die...

#..)# #..#.#.##..
#...# ##...#....# ...
#.######### #'# #.#
##.# #.# #.## #.# ##.#
#.# ### #g## #.# #..
##@## #.# ##.#..
#..P## ######..#..
#...P# #....#.# #....#
##....#.# ####....###
##.....#.# #.###...#.#
#......#.# #.# ##.##.#
#.######.#
#.####....###.##.....#
#........)..†..#.#####


You could see Crazy Yiuf.

Vanquished Creatures
  Sigmund (D:3)
  An orc priest (D:3)
  Jessica (D:3)
  Natasha (thrice) (D:3)
  Ijyb (D:3)
  4 dart slugs
  A worm (D:2)
  5 orcs (D:3)
  7 bats
  2 endoplasms
  3 giant cockroaches
  4 goblins (D:1)
  6 hobgoblins
  3 quokkas
  10 ball pythons
  5 kobolds
  8 rats
65 creatures vanquished.

Vanquished Creatures (others)
  A fungus (D:3)
1 creature vanquished.

Grand Total: 66 creatures vanquished

Notes
Turn   | Place    | Note
-------+----------+-------------------------------------------
     0 | D:1      | dargoktor the Minotaur Hunter began the quest for the Orb.
     0 | D:1      | Reached XP level 1. HP: 18/18 MP: 0/0
   749 | D:1      | Reached XP level 2. HP: 25/25 MP: 1/1
  1135 | D:1      | Reached skill level 1 in Armour
  1204 | D:1      | Reached skill level 5 in Ranged Weapons
  1493 | D:1      | Reached XP level 3. HP: 21/30 MP: 2/2
  1952 | D:2      | Identified the ring "Viro" {rPois Int+5}
  2863 | D:3      | Noticed Ijyb
  2871 | D:3      | Killed Ijyb
  2872 | D:3      | Reached XP level 4. HP: 37/37 MP: 3/3
  2891 | D:3      | Noticed Natasha
  2899 | D:3      | Killed Natasha
  2900 | D:3      | Reached skill level 6 in Ranged Weapons
  3024 | D:3      | Found a faded altar of an unknown god.
  3026 | D:3      | Prayed at the altar of an unknown god.
  3026 | D:3      | Became a worshipper of Makhleb the Destroyer
  3026 | D:3      | Reached * piety under Makhleb
  3037 | D:3      | Noticed Jessica
  3050 | D:3      | Killed Jessica
  3210 | D:3      | Reached XP level 5. HP: 40/42 MP: 4/4
  3500 | D:3      | Noticed Sigmund
  3519 | D:3      | Noticed Natasha
  3525 | D:3      | Killed Natasha
  3611 | D:3      | Noticed Natasha
  3624 | D:3      | Killed Sigmund
  3625 | D:3      | Reached skill level 7 in Ranged Weapons
  3625 | D:3      | Reached XP level 6. HP: 43/51 MP: 5/5
  3626 | D:3      | Killed Natasha
  4062 | D:3      | Found a runed translucent door.
  4063 | D:3      | Noticed Crazy Yiuf
  4079 | D:3      | Slain by Crazy Yiuf

Illustrated notes

Levels and vault maps discovered:
D:1:      saegor_arrival_simple_e, layout_loops_corners,
          serial_co_window_serial, co_window_paths_a,
          co_window_of_opportunity_a, co_window_paths_b, co_window_corner_a,
          co_window_paths_a, co_window_unsneaky_path_e,
          co_window_of_opportunity_b, co_window_cross_4, co_window_broadway_b,
          co_window_broadway_c, co_window_2corner
D:2:      layout_basic, chequers_serial_rivers_micro_e
D:3:      layout_basic, chequers_ecumenical_altar_twisty,
          serial_co_window_serial, co_window_paths_b, co_window_paths_a,
          co_window_paths_a, co_window_corner_a, co_window_paths_a,
          co_window_corner_b, co_window_2corner, co_window_of_opportunity_c,
          co_window_broadway_a, co_window_paths_d, glass_columns_b,
          glass_columns_a, glass_columns_b, glass_columns_c,
          corexii_leaking_fountain, minmay_misc_feat_chi, uniq_sigmund,
          uniq_jessica, uniq_ijyb, uniq_crazy_yiuf_cottage, uniq_natasha

Skill      XL: |  1  2  3  4  5 |
---------------+----------------+-----
Armour         | 1 2 |  2.6
Ranged Weapons | 5 6 7 |  7.7
Fighting       | 3 |  3.1
Dodging        | |  2.9
Stealth        | |  0.9

Action                   |  1- 3 |  4- 6 || total
-------------------------+-------+-------++-------
Melee: Shortbow          |    78 |    10 ||    88
       Headbutt          |    13 |       ||    13
 Fire: Shortbow          |    61 |    84 ||   145
Armor: Leather armour    |    63 |     6 ||    69
Dodge: Dodged            |   111 |    42 ||   153
